 Dungeon Sprint DCSS version 0.30.1-11-g7821555f0a (webtiles) character file.

Game seed: 11156938464236598253

226 Heoruswealwe the Spear-Bearer (level 5, -2/53 HPs)
             Began as a Minotaur Fighter on Dec 15, 2023.
             Was an Initiate of Gozag.
             Slain by a gnoll bouda
             ... wielding a +0 whip
              (6 damage)
             ... in the Dungeon (Sprint IX: "|||||||||||||||||||||||||||||").
             The game lasted 00:01:00 (121 turns).

Heoruswealwe the Spear-Bearer (Minotaur Fighter)     Turns: 121, Time: 00:01:01

Health: -2/53      AC:  8    Str: 22    XL:     5   Next: 69%
Magic:  4/4        EV:  9    Int:  5    God:    Gozag
Gold:   0          SH:  4    Dex: 10    Spells: 4/4 levels left

rFire   . . .        a - +0 trident
rCold   . . .        d - +0 buckler
rNeg    . . .        c - +0 scale mail
rPois   .            (helmet restricted)
rElec   .            (no cloak)
rCorr   .            (no gloves)
SInv    .            (no boots)
Will    .....        (no amulet) Stlth
                     (no ring)
HPRegen 0.28/turn    (no ring)
MPRegen 0.09/turn

%: no teleportation
@: weakened, gold aura
A: horns 2, retaliatory headbutt
a: Renounce Religion, Potion Petition, Call Merchant, Bribe Branch


You were in the Dungeon.
You worshipped Gozag.
Gozag was noncommittal.
You visited 1 branch

Inventory:

Hand Weapons
 a - a +0 trident (weapon)
Armour
 c - a +0 scale mail (worn)
 d - a +0 buckler (worn)
Jewellery
 k - a +2 ring of protection
 l - a +3 ring of intelligence
Wands
 h - a wand of roots (10)
Scrolls
 j - 2 scrolls of blinking
Potions
 b - a potion of might
 e - 5 potions of curing
 f - 3 potions of heal wounds
 g - a potion of haste
 i - a potion of berserk rage


   Skills:
 + Level 8.0 Fighting
 * Level 10.3 Polearms
 + Level 8.0 Armour
 - Level 3.6 Shields


You had 4 spell levels left.
You didn't know any spells.
Your spell library was empty.

Dungeon Overview and Level Annotations

Branches:
Dungeon (1/1)

Altars:
Cheibriados
Dithmenos
Elyvilon
Fedhas
Gozag
Hepliaklqana
Kikubaaqudgha
Makhleb
Nemelex Xobeh
Okawaru
Qazlal
Ru
Sif Muna
Trog
Uskayaw
Vehumet
Wu Jian
Xom
Yredelemnul
Zin
The Shining One
Jiyva
Lugonu


Innate Abilities, Weirdness & Mutations

You have a pair of horns on your head.
You reflexively headbutt those who attack you in melee.


Message History

You closely miss the gnoll bouda.
The gnoll bouda is moderately wounded.
The gnoll bouda hits you with a +0 club.
You hit the gnoll bouda.
You headbutt the gnoll bouda, but do no damage.
The gnoll bouda is heavily wounded.
The gnoll bouda hits you with a +0 club.
* * * LOW HITPOINT WARNING * * *
You barely miss the gnoll bouda.
The gnoll bouda is heavily wounded.
The gnoll bouda hits you with a +0 club!
* * * LOW HITPOINT WARNING * * *
You hit the gnoll bouda but do no damage.
The gnoll bouda is heavily wounded.
The gnoll bouda barks out a call to the hunt!
The gnoll bouda picks up the pace!
The gnoll bouda hits you with a +0 club.
* * * LOW HITPOINT WARNING * * *
You hit the gnoll bouda. Your headbutt misses the gnoll bouda.
The gnoll bouda is severely wounded.
You hit the gnoll bouda.
The gnoll bouda is almost dead.
The gnoll bouda barely misses you. You furiously retaliate!
You headbutt the gnoll bouda!
You kill the gnoll bouda!
Your Fighting skill increases to level 8!
Your Polearms skill increases to level 10!
Your Armour skill increases to level 8!
You barely miss the gnoll bouda. Your headbutt misses the gnoll bouda.
The gnoll bouda completely misses you.
You closely miss the gnoll bouda. You headbutt the gnoll bouda.
The gnoll bouda is lightly wounded.
The gargoyle is distracted by your dazzling golden aura.
The gnoll bouda closely misses you.
You hit the gnoll bouda but do no damage.
You hit the gnoll bouda.
The gnoll bouda is lightly wounded.
The gnoll bouda hits you with a +0 whip.
You die...
Your body crumbles into a pile of gold.

▓+▓
▓.▓
$
▓.▓
$
▓{▓
$ $
▓9▓
$
▓g▓
$
▓@▓
$
▓'▓
$
▓.▓
▓.▓
$
▓[▓
▓[▓
$
▓[▓
▓.▓
$
▓)▓
$


You could see a gargoyle and a gnoll bouda (swift).

Vanquished Creatures
  A centaur (D)
  A scorpion (D)
  2 gnoll boudas (D)
  A gnoll (D)
  An adder (D)
  An ufetubus (D)
  A worm (D)
  A dart slug (D)
  An endoplasm (D)
  A goblin (D)
  A frilled lizard (D)
  A rat (D)
13 creatures vanquished.

Notes
Turn   | Place    | Note
-------+----------+-------------------------------------------
     0 | D        | Heoruswealwe the Minotaur Fighter began the quest for the
                  | Orb.
     0 | D        | Reached XP level 1. HP: 19/19 MP: 0/0
     9 | D        | Reached skill level 3 in Polearms
    17 | D        | Reached skill level 4 in Polearms
    22 | D        | Noticed a scorpion
    24 | D        | Reached XP level 2. HP: 28/28 MP: 1/1
    28 | D        | Killed a scorpion
    29 | D        | Reached skill level 5 in Fighting
    29 | D        | Reached skill level 7 in Polearms
    29 | D        | Reached skill level 5 in Armour
    29 | D        | Reached XP level 3. HP: 32/37 MP: 2/2
    29 | D        | Reached XP level 4. HP: 38/44 MP: 3/3
    45 | D        | Found a snail-covered altar of Cheibriados.
    45 | D        | Found a shadowy altar of Dithmenos.
    45 | D        | Found a white marble altar of Elyvilon.
    45 | D        | Found a blossoming altar of Fedhas.
    45 | D        | Found an opulent altar of Gozag.
    46 | D        | Found a hazy altar of Hepliaklqana.
    47 | D        | Found a viscous altar of Jiyva.
    48 | D        | Found an ancient bone altar of Kikubaaqudgha.
    49 | D        | Found a corrupted altar of Lugonu.
    50 | D        | Found a burning altar of Makhleb.
    51 | D        | Found a sparkling altar of Nemelex Xobeh.
    52 | D        | Found an iron altar of Okawaru.
    53 | D        | Became a worshipper of Gozag Ym Sagoz the Greedy
    54 | D        | Found a stormy altar of Qazlal.
    55 | D        | Found a sacrificial altar of Ru.
    56 | D        | Found a shimmering blue altar of Sif Muna.
    57 | D        | Found a bloodstained altar of Trog.
    58 | D        | Found a hide-covered altar of Uskayaw.
    59 | D        | Found a radiant altar of Vehumet.
    60 | D        | Found an ornate altar of the Wu Jian Council.
    61 | D        | Found a shimmering altar of Xom.
    62 | D        | Found a basalt altar of Yredelemnul.
    63 | D        | Found a glowing silver altar of Zin.
    64 | D        | Found a glowing golden altar of the Shining One.
    88 | D        | Noticed a gargoyle
    88 | D        | Noticed a centaur
   102 | D        | Reached skill level 8 in Polearms
   107 | D        | Killed a centaur
   108 | D        | Reached skill level 9 in Polearms
   108 | D        | Reached XP level 5. HP: 24/53 MP: 4/4
   115 | D        | HP: 2/53 [gnoll bouda/+0 club (3)]
   118 | D        | Reached skill level 10 in Polearms
   121 | D        | Slain by a gnoll bouda

Illustrated notes

Levels and vault maps discovered:
D:        linesprint [early_d, line_temple, items_1, d_10, items_2, lair_1,
          lair_end, items_3, orc_1, orc_end, items_4, d_15, swamp_1, shoals_1,
          snake_1, spider_1, d_20, vaults_1, items_5, swamp_end, shoals_end,
          snake_end, spider_end, vaults_end, d_27, items_6, zot_1, zot_end,
          crypt_end, forest_end, elf_end, slime_end, tomb_end, abyss_end,
          pan_hell_end]

Skill      XL: |  1  2  3  4  5 |
---------------+----------------+-----
Fighting       | 4 5 7 8 |  8.0
Polearms       | 4 7 9 10 | 10.3
Armour         | 4 5 7 8 |  8.0
Shields        | |  3.6

Action                     |  1- 3 |  4- 6 || total
---------------------------+-------+-------++-------
  Melee: Trident           |    17 |    39 ||    56
         Headbutt          |     2 |     6 ||     8
 Armour: Scale mail        |     6 |     8 ||    14
  Dodge: Dodged            |     3 |    14 ||    17
  Block: Buckler           |     3 |     6 ||     9
